 Dungeon Crawl Stone Soup version 0.28.0 (webtiles) character file.

Game seed: 8256821762579616280

3355 mortz the Thaumaturge (level 10, -2/64 HPs)
             Began as a Djinni Conjurer on Feb 14, 2022.
             Was a Priest of Makhleb.
             Shot with a sling bullet by Joseph (8 damage)
             ... on level 8 of the Dungeon on Feb 15, 2022.
             The game lasted 01:22:12 (10765 turns).

mortz the Thaumaturge (Djinni Conjurer)            Turns: 10765, Time: 01:22:12

Health: -2/64      AC:  6    Str:  6    XL:     10   Next: 22%
Gold:   441        EV: 12    Int: 23    God:    Makhleb [***...] SH:  0 Dex: 13

rFire   + + .      SeeInvis +   o - +2 quarterstaff (chaos)
rCold   . . .      Faith    .   (shield currently unavailable)
rNeg    . . .      Spirit   .   e - +1 leather armour {rC+}
rPois   ∞          Reflect  .   (no helmet)
rElec   .          Harm     .   (no cloak)
rCorr   .          Rampage  .   h - +0 pair of gloves
Will    +....                   (boots unavailable)
Stlth   +.........              (no amulet)
HPRegen 0.20/turn               r - ring of see invisible
MPRegen 0.00/turn               (no ring)

@: confused, ambrosia-drunk, flying
A: sickness immunity, fire resistance 2, cold vulnerability 1, float, innate
caster, HP casting, extra vitality 1
a: Renounce Religion, Minor Destruction, Lesser Servant of Makhleb


You were on level 8 of the Dungeon.
You worshipped Makhleb.
Makhleb was most pleased with you.
You visited 1 branch of the dungeon, and saw 8 of its levels.

You collected 441 gold pieces.

Inventory:

Hand Weapons
 g - a +4 short sword
 l - a +3 dagger of venom
 n - a +2 great sword
 o - a +2 quarterstaff of chaos (weapon)
 v - a +1 short sword of venom
 w - a +2 dagger of draining
 z - a +1 flail of holy wrath
 C - a +4 flail
 F - a +0 vampiric dagger
Missiles
 y - 7 silver javelins
Armour
 a - an orb of wrath
 e - a +1 leather armour of cold resistance (worn)
 h - a +0 pair of gloves (worn)
 A - the +3 scale mail "Honoeb" {+Inv}
   (You took it off an orc priest on level 5 of the Dungeon)

   +Inv:      It lets you turn invisible.
Magical Staves
 f - a staff of death
Jewellery
 r - a ring of see invisible (left hand)
Wands
 m - a wand of mindburst (16)
 H - a wand of polymorph (3)
 J - a wand of paralysis (2)
Scrolls
 b - 4 scrolls of teleportation
 d - a scroll of noise {unknown}
 p - a scroll of immolation {unknown}
 s - a scroll of fear {unknown}
 x - a scroll of blinking {unknown}
 G - 2 scrolls of magic mapping {unknown}
 I - a scroll of silence {unknown}
Potions
 c - 2 potions of attraction
 i - a potion of cancellation {unknown}
 j - 2 potions of flight
 k - 2 potions of lignification
 q - a potion of ambrosia
 t - a potion of might {unknown}
 u - a potion of mutation {unknown}
 B - 2 potions of heal wounds {unknown}
 D - a potion of haste {unknown}
 E - a potion of brilliance {unknown}


   Skills:
 + Level 2.1 Fighting
 - Level 0.6 Short Blades
 - Level 4.5 Staves
 + Level 5.5 Armour
 + Level 4.0 Dodging
 + Level 4.2 Stealth
 + Level 8.3 Spellcasting


You had one spell level left.
You knew the following spells:

 Your Spells              Type           Power      Damage    Failure   Level
a - Magic Dart            Conj           100%       1d8       1%          1
b - Searing Ray           Conj           94%        2d7       1%          2
c - Dazzling Flash        Conj/Hex       94%        N/A       1%          3
d - Fulminant Prism       Conj/Hex       23%        3d13      3%          4
e - Iskenderun's Mystic   Conj/Tloc      47%        2d10      3%          4
f - Animate Skeleton      Necr           94%        N/A       1%          1
g - Blink                 Tloc           94%        N/A       1%          2
h - Mephitic Cloud        Conj/Pois/Air  47%        N/A       1%          3
i - Ice Form              Ice/Tmut       47%        N/A       3%          4
Your spell library was empty.

Dungeon Overview and Level Annotations

Branches:
Dungeon (8/15)             Temple (0/1) D:6
   Lair: D:8-11

Altars:
Ashenzari
Cheibriados
Dithmenos
Fedhas
Gozag
Makhleb
Okawaru
Sif Muna
Xom
Yredelemnul

Shops:
D:4 (

Annotations:
D:8 Joseph


Innate Abilities, Weirdness & Mutations

You are immune to sickness and miasma.
You are immune to poison.
Your flesh is very heat resistant. (rF++)
You are vulnerable to cold. (rC-)
You float through the air rather than walking.
You learn spells naturally, not from books.
Your magical power is your life essence.
You have superior vitality. (+4 MHP)


Message History

The hornet is lightly wounded.
The searing ray hits Joseph!
Joseph is heavily wounded. (Press . to maintain the ray.)
The hornet closely misses you. x2
The searing ray hits the hornet.
The hornet is moderately wounded.
The searing ray hits Joseph!
Joseph is severely wounded.
The hornet barely misses you.
Joseph zaps a wand.
Some rock shatters into small pieces.
The searing ray hits the hornet.
The hornet is moderately wounded.
The searing ray hits Joseph!
Joseph is severely wounded.
The hornet stings you but does no damage.
The hornet stings you!
* * * LOW HITPOINT WARNING * * *
Aiming: Mindburst
Press: ? - help, Q - select action, (/) - cycle Shift-Dir - straight line, f/p - Joseph
Aim: Joseph, wielding a +0 hunting sling, wearing a +0 leather armour, quivering sling bullets and carrying a wand of digging (2) (severely wounded, chance to affect: 47%)
The hornet resists with significant effort.
The hornet stings you.
* * * LOW HITPOINT WARNING * * *
Joseph shoots a sling bullet.
The sling bullet barely misses you.
Aiming: Paralyse
Press: ? - help, Q - select action, (/) - cycle Shift-Dir - straight line, f - hornet, p - Joseph
Aim: a hornet (moderately wounded, chance to affect: 39%)
The hornet suddenly stops moving!
Joseph shoots a sling bullet.
The sling bullet barely misses you.
Aiming: Paralyse
Press: ? - help, Q - select action, (/) - cycle Shift-Dir - straight line, f - Joseph, p - hornet
Aim: Joseph, wielding a +0 hunting sling, wearing a +0 leather armour, quivering sling bullets and carrying a wand of digging (2) (severely wounded, chance to affect: 31%)
The hornet resists with some effort.
Joseph shoots a sling bullet.
The sling bullet hits you!
* * * LOW HITPOINT WARNING * * *
It was a potion of ambrosia.
You are confused.
You feel invigorated.
Joseph shoots a sling bullet.
The sling bullet hits you!
You die...

#.#. #.#.
###.#. #######
#..... #...?.#
#.#.## #..#
#.#.# ##.##
#.#.# ##y@#
#.#.## #@..###
#.#...
#..#...#.#
#.....
#.####.#.#
######
######.#.#
#....#.#
####.#.#
#...##########
#.#...........
#.............


You could see Joseph and a hornet (paralysed).

Vanquished Creatures
  Sigmund (D:5)
  A wraith (D:7)
  A water moccasin (D:8)
  2 black bears
  An orc warrior (D:8)
  A sky beast (D:7)
  3 ice beasts
  A necrophage (D:8)
  2 centaurs
  An ogre (D:5)
  2 kobold brigands
  2 bullfrogs
  A wyvern zombie (D:7)
  A water moccasin zombie (D:5)
  6 scorpions
  5 wights (D:6)
  A vampire bat (D:6)
  3 centaur zombies
  5 hounds
  Crazy Yiuf (D:3)
  A gnoll shaman (D:5)
  5 orc priests
  2 jellies
  2 iguanas
  A scorpion zombie (D:5)
  4 orc wizards
  A killer bee zombie (D:5)
  A hound skeleton (D:4)
  2 howler monkey skeletons
  3 adders (D:2)
  4 gnolls (D:5)
  A shadow imp (D:7)
  4 white imps
  An ufetubus (D:4)
  An adder skeleton (D:4)
  3 worms
  A dart slug (D:2)
  33 orcs
  6 endoplasms
  4 giant cockroaches
  5 hobgoblins
  3 quokkas
  13 bats
  6 frilled lizards
  11 goblins
  19 kobolds
  6 rats
184 creatures vanquished.

Vanquished Creatures (others)
  2 fulminant prisms (D:7)
2 creatures vanquished.

Grand Total: 186 creatures vanquished

Notes
Turn   | Place    | Note
-------+----------+-------------------------------------------
     0 | D:1      | mortz the Djinni Conjurer began the quest for the Orb.
     0 | D:1      | Reached XP level 1. HP: 15/15 MP: 0/0
   266 | D:1      | Found a faded altar of an unknown god.
   328 | D:1      | Reached XP level 2. HP: 18/21 MP: 0/0
   966 | D:2      | Reached skill level 4 in Spellcasting
   966 | D:2      | Reached XP level 3. HP: 19/25 MP: 0/0
   966 | D:2      | Learned a level 1 spell: Animate Skeleton
  1342 | D:2      | Reached XP level 4. HP: 28/31 MP: 0/0
  2657 | D:3      | Reached XP level 5. HP: 25/35 MP: 0/0
  2657 | D:3      | Learned a level 2 spell: Blink
  2908 | D:3      | Found a shadowy altar of Dithmenos.
  2911 | D:3      | Found a broken altar of Ashenzari.
  2914 | D:3      | Found a burning altar of Makhleb.
  2915 | D:3      | Found a snail-covered altar of Cheibriados.
  2917 | D:3      | Found an iron altar of Okawaru.
  2918 | D:3      | Found an opulent altar of Gozag.
  2919 | D:3      | Became a worshipper of Makhleb the Destroyer
  2920 | D:3      | Found a basalt altar of Yredelemnul.
  2926 | D:3      | Found a blossoming altar of Fedhas.
  3031 | D:3      | Found a runed translucent door.
  3032 | D:3      | Noticed Crazy Yiuf
  3038 | D:3      | Killed Crazy Yiuf
  3325 | D:4      | Found Veovaomi's Firing Range.
  3460 | D:4      | Reached skill level 5 in Spellcasting
  3468 | D:4      | Reached XP level 6. HP: 20/40 MP: 0/0
  3688 | D:4      | Reached skill level 1 in Staves
  4375 | D:4      | Reached * piety under Makhleb
  4376 | D:4      | Reached XP level 7. HP: 37/45 MP: 0/0
  4376 | D:4      | Learned a level 3 spell: Mephitic Cloud
  4681 | D:5      | Entered Level 5 of the Dungeon
  5221 | D:5      | Reached skill level 1 in Armour
  5221 | D:5      | Reached skill level 6 in Spellcasting
  5719 | D:5      | Identified the +3 scale mail "Honoeb" {+Inv}
  5818 | D:5      | Reached XP level 8. HP: 42/50 MP: 0/0
  5822 | D:5      | Noticed Sigmund
  5828 | D:5      | Killed Sigmund
  7146 | D:6      | Reached XP level 9. HP: 47/56 MP: 0/0
  7146 | D:6      | Learned a level 4 spell: Ice Form
  7355 | D:6      | Reached skill level 7 in Spellcasting
  7532 | D:6      | Found a shimmering altar of Xom.
  7646 | D:6      | Reached ** piety under Makhleb
  7897 | D:6      | Reached skill level 1 in Fighting
  8116 | D:6      | Found a staircase to the Ecumenical Temple.
  8964 | D:7      | Reached skill level 5 in Armour
  9228 | D:7      | Reached XP level 10. HP: 47/64 MP: 0/0
  9793 | D:8      | Reached skill level 8 in Spellcasting
 10491 | D:8      | Reached *** piety under Makhleb
 10751 | D:8      | Noticed Joseph
 10764 | D:8      | HP: 1/64 [Joseph/sling bullet (10)]
 10765 | D:8      | Shot with a sling bullet by Joseph

Illustrated notes

Levels and vault maps discovered:
D:1:      giann_forest_graveyard, layout_rooms,
          chequers_ecumenical_altar_simple_redux, corexii_corridor_pit
D:2:      layout_basic, minmay_splitting_lines, minmay_between
D:3:      layout_basic, nicolae_overflow_hallway_of_the_gods, minmay_unequal,
          uniq_crazy_yiuf_cottage
D:4:      layout_loops_cross, nicolae_shop_firing_range
D:5:      layout_loops_ring, uniq_sigmund
D:6:      nicolae_cairo_tiling_large, layout_rooms, lemuel_round_altar,
          minmay_temple_entry_butterflies, roderic_batcave
D:7:      layout_basic, minmay_misc_feat_four_crosses
D:8:      layout_basic, uniq_joseph

Skill      XL: |  1  2  3  4  5  6  7  8  9 10 |
---------------+-------------------------------+-----
Spellcasting   | 4 5 6 7 8 |  8.3
Stealth        | 2 3 4 |  4.2
Staves         | 1 2 3 4 |  4.5
Armour         | 2 3 5 |  5.5
Dodging        | 3 4 |  4.0
Fighting       | 1 2 |  2.1
Short Blades   | |  0.6

Action                   |  1- 3 |  4- 6 |  7- 9 | 10-12 || total
-------------------------+-------+-------+-------+-------++-------
Melee: Staff             |     5 |       |       |       ||     5
       Quarterstaff      |       |     5 |     7 |       ||    12
 Cast: Magic Dart        |    57 |   110 |   104 |    11 ||   282
       Searing Ray       |       |    18 |    62 |    13 ||    93
       Mephitic Cloud    |       |       |     1 |       ||     1
       Fulminant Prism   |       |       |     2 |       ||     2
Evoke: Wand              |       |       |       |     3 ||     3
  Use: Scroll            |       |       |     5 |       ||     5
       Potion            |       |       |       |     1 ||     1
Armor: Leather armour    |       |     3 |    16 |     2 ||    21
       Robe              |       |     1 |       |       ||     1
Dodge: Dodged            |     6 |    17 |    47 |    12 ||    82
